 Dungeon Crawl Stone Soup version 0.26-a0-1040-gbe3abf3417 (webtiles) character file.

Game seed: 6205692093003000363

46 Dracia the Poker (level 3, -1/27 HPs)
             Began as a Merfolk Gladiator on Dec 11, 2020.
             Slain by a shadow imp (2 damage)
             ... summoned by Natasha
             ... on level 2 of the Dungeon.
             The game lasted 00:00:50 (503 turns).

Dracia the Poker (Merfolk Gladiator)                 Turns: 503, Time: 00:00:51

Health: -1/27      AC:  4    Str: 14    XL:     3   Next: 66%
Magic:  3/3        EV: 14    Int:  8    God:
Gold:   97         SH:  0    Dex: 15    Spells: 2/2 levels left

rFire    . . .     SeeInvis .   a - +0 trident
rCold    . . .     Faith    .   (no shield)
rNeg     . . .     Spirit   .   b - +0 leather armour
rPois    .         Reflect  .   c - +0 helmet
rElec    .         Harm     .   (no cloak)
rCorr    .         Rampage  .   (no gloves)
Will     .....                  (no boots)
Stlth    +.........             (no amulet)
HPRegen  0.09/turn              (no ring)
MPRegen  0.08/turn              (no ring)

@: slowed, very slow
A: change form in water, swift swim, stealthy swim
a: no special abilities


You were on level 2 of the Dungeon.
You visited 1 branch of the dungeon, and saw 2 of its levels.

You collected 97 gold pieces.


   Skills:
 - Level 2.1 Fighting
 + Level 6.6 Polearms
 - Level 2.0 Throwing
 - Level 4.0 Dodging


You had 2 spell levels left.
You didn't know any spells.
Your spell library was empty.

Inventory:

Hand Weapons
 a - a +0 trident (weapon)
Missiles
 d - 3 throwing nets (quivered) {=f=f}
Armour
 b - a +0 leather armour (worn)
 c - a +0 helmet (worn)
Scrolls
 g - a scroll of random uselessness {unknown}
 i - 3 scrolls of identify {unknown}
Potions
 e - a potion of lignification {unknown}
 f - a potion of flight {unknown}
 h - a potion of heal wounds {unknown}

Dungeon Overview and Level Annotations

Branches:
Dungeon (2/15)

Altars:

Annotations:
D:2 Natasha

..... #... #..#
#†# ######.#
....$#.#+####
#........#
#........#
#..>..@..#
#.....h5.##.
#..).........
#.............
#..(...........
#..[...........
#..<#.###......
#####[# ......
.# ..


You could see Natasha and a shadow imp (summoned).


Message History

You feel yourself slow down.
Natasha wildly gestures.
Natasha glows brightly for a moment.
You puncture Natasha!
Natasha is heavily wounded.
The shadow imp barely misses you. Natasha barely misses you.
The shadow imp closely misses you.
You completely miss Natasha.
Natasha is heavily wounded.
Natasha claws you.
* * * LOW HITPOINT WARNING * * *
The shadow imp gestures at you. Pain shoots through your body!
* * * LOW HITPOINT WARNING * * *
Natasha barely misses you.
You closely miss Natasha.
Natasha is heavily wounded.
The shadow imp misses you. Natasha claws you but does no damage.
The shadow imp hits you.
* * * LOW HITPOINT WARNING * * *
You barely miss Natasha.
Natasha is heavily wounded.
Natasha closely misses you. The shadow imp hits you.
* * * LOW HITPOINT WARNING * * *
Natasha claws you but does no damage.
You hit Natasha.
Natasha is severely wounded.
The shadow imp barely misses you. Natasha completely misses you.
The shadow imp hits you.
You die...

Skill      XL: |  1  2 |
---------------+-------+-----
Polearms       | 5 6 |  6.6
Fighting       | |  2.1
Throwing       | |  2.0
Dodging        | |  4.0

Action                   || total
-------------------------++-------
Melee: Trident           ||    66
 Stab: Sleeping          ||     2
Armor: Leather armour    ||    16
Dodge: Dodged            ||    29

Levels and vault maps discovered:
D:1:      wander_arrival_chamber, layout_basic, chequers_serial_rivers_small_b
D:2:      layout_basic, minitemple, uniq_natasha

Notes
Turn   | Place    | Note
-------+----------+-------------------------------------------
     0 | D:1      | Dracia the Merfolk Gladiator began the quest for the Orb.
     0 | D:1      | Reached XP level 1. HP: 16/16 MP: 1/1
   147 | D:1      | Reached skill level 5 in Polearms
   148 | D:1      | Reached XP level 2. HP: 22/22 MP: 2/2
   458 | D:2      | Noticed Natasha
   470 | D:2      | Killed Natasha
   471 | D:2      | Reached skill level 6 in Polearms
   471 | D:2      | Reached XP level 3. HP: 18/27 MP: 3/3
   494 | D:2      | Noticed Natasha
   502 | D:2      | HP: 1/27 [shadow imp[Natasha] (2)]
   503 | D:2      | Slain by a shadow imp

Vanquished Creatures
  Natasha (D:2)
  A leopard gecko (D:1)
  A bat (D:1)
  4 giant cockroaches (D:1)
  2 goblins
  3 hobgoblins (D:1)
  2 kobolds (D:1)
  A frilled lizard (D:1)
  4 rats (D:1)
19 creatures vanquished.

Table legend: (Time is in decaauts)
 A = Elapsed time spent in this place.
 B = Non-inter-level travel time spent in this place.
 C = Inter-level travel time spent in this place.
 D = Time resting spent in this place.
 E = Time spent auto-exploring this place.
 F = Levels seen in this place.
 G = Mean time per level.
                   A        B        C        D        E       F      G
               +--------+--------+--------+--------+--------+-----+--------+
         Total |    502 |    487 |     15 |      0 |    372 |   2 |  251.0 |
       Dungeon |    502 |    487 |     15 |      0 |    372 |   2 |  251.0 |
               +--------+--------+--------+--------+--------+-----+--------+

Top non-repeatable levels by time:
     D:1: 439 daAuts
     D:2: 63 daAuts

Table legend:
 A = Non-vault XP
 B = Vault XP
 C = Vault XP percentage of total XP
 D = Non-vault monster count
 E = Vault monster count
 F = Vault count percentage of total count
                 A         B        C        D         E       F
            +---------+---------+-------+---------+---------+-------
      Total |      31 |      35 |  53.0 |      18 |       1 |   5.3
            +---------+---------+-------+---------+---------+-------
        D:1 |      29 |       0 |   0.0 |      17 |       0 |   0.0
        D:2 |       2 |      35 |  94.6 |       1 |       1 |  50.0
            +---------+---------+-------+---------+---------+-------
